 Dungeon Crawl Stone Soup version 0.29-a0-330-g52719c12eb (webtiles) character file.

Game seed: 7526190703143532888

60 night the Shooter (level 3, 0/28 HPs)
             Began as a Demonspawn Hunter on May 5, 2022.
             Was a Follower of Kikubaaqudgha.
             Slain by a scorpion (4 damage)
             ... on level 2 of the Dungeon.
             The game lasted 00:03:02 (1502 turns).

night the Shooter (Demonspawn Hunter)               Turns: 1502, Time: 00:03:03

Health: 0/28       AC:  4    Str: 11    XL:     3   Next: 80%
Magic:  0/3        EV: 12    Int: 12    God:    Kikubaaqudgha [*.....]
Gold:   58         SH:  0    Dex: 16    Spells: 1/2 levels left

rFire   . . .      SeeInvis .   b - +2 dagger (drain)
rCold   . . .      Faith    .   (no shield)
rNeg    . . .      Spirit   .   l - +0 leather armour
rPois   .          Reflect  .   (helmet restricted)
rElec   .          Harm     .   f - +0 cloak
rCorr   .          Rampage  .   (no gloves)
Will    .....                   (no boots)
Stlth   ++........              (no amulet)
HPRegen 0.09/turn               (no ring)
MPRegen 0.08/turn               (no ring)

@: lethally poisoned (0 -> -13), very slightly contaminated
A: antennae 2
a: Renounce Religion, Receive Corpses


You were on level 2 of the Dungeon.
You worshipped Kikubaaqudgha.
Kikubaaqudgha was aware of your devotion.
You visited 1 branch of the dungeon, and saw 2 of its levels.

You collected 58 gold pieces.

Inventory:

Hand Weapons
 a - a +1 shortbow
 b - a +2 dagger of draining (weapon)
Missiles
 g - 62 stones (quivered)
 k - a throwing net
Armour
 f - a +0 cloak (worn)
 l - a +0 leather armour (worn)
Scrolls
 c - a scroll of immolation
 j - 2 scrolls of identify {unknown}
Potions
 d - 2 potions of attraction {unknown}
 e - a potion of ambrosia {unknown}
 h - a potion of heal wounds {unknown}
 i - a potion of resistance {unknown}
 m - a potion of curing {unknown}


   Skills:
 + Level 2.7 Fighting
 * Level 4.4 Bows
 - Level 1.8 Dodging
 - Level 0.9 Stealth
 + Level 1.3 Necromancy


You had one spell level left.
You knew the following spells:

 Your Spells              Type           Power      Damage    Failure   Level
a - Pain                  Necr           12%        1d4       26%         1

Your spell library contained the following spells:

 Spells                   Type           Power      Damage    Failure   Level
 Animate Skeleton         Necr           6%         N/A       26%         1
 Apportation              Tloc           0%         N/A       41%         1
 Summon Small Mammal      Summ           0%         N/A       41%         1
 Sublimation of Blood     Necr           3%         N/A       36%         2
 Corpse Rot               Necr/Air       2%         N/A       45%         2


Dungeon Overview and Level Annotations

Branches:
Dungeon (2/15)

Altars:
Kikubaaqudgha


Innate Abilities, Weirdness & Mutations

You have a pair of antennae on your head.


Message History

Casting: Pain (safe; 26% risk of failure)
Confirm with . or Enter, or press ? or * to list all spells.
Aiming: Pain (safe; 26% risk of failure)
Press: ? - help, Shift-Dir - straight line, f/p - scorpion
Aim: a scorpion (moderately wounded, chance to affect: 44%)
The scorpion writhes in agony.
You shoot an arrow. The arrow barely misses the scorpion.
The scorpion closely misses you.
You shoot an arrow. The arrow hits the scorpion.
The scorpion is heavily wounded.
The scorpion stings you.
You are poisoned.
The scorpion poisons you! The scorpion stings you.
Casting: Pain (safe; 26% risk of failure)
Confirm with . or Enter, or press ? or * to list all spells.
Aiming: Pain (safe; 26% risk of failure)
Press: ? - help, Shift-Dir - straight line, f/p - scorpion
Aim: a scorpion (heavily wounded, chance to affect: 44%)
You miscast Pain.
You are very lightly contaminated with residual magic.
Nothing appears to happen.
You feel very sick. The scorpion barely misses you.
Casting: Pain (safe; 26% risk of failure)
Confirm with . or Enter, or press ? or * to list all spells.
You don't have enough magic to cast this spell.
You shoot an arrow. The arrow barely misses the scorpion.
You feel very sick. The scorpion barely misses you.
You shoot an arrow. The arrow barely misses the scorpion.
You feel sick. The scorpion stings you.
You are lethally poisoned!
The scorpion poisons you! The scorpion stings you.
* * * LOW HITPOINT WARNING * * *
You sense an unholy aura.
b - a +2 dagger of draining (weapon)
* * * LOW HITPOINT WARNING * * *
You feel sick. The scorpion stings you.
You die...
Kikubaaqudgha rasps: "You have failed me!
Welcome... death!"

...## #......... .. #
#........# ..
#..[.....##...# ##.
#........#....# ..##
####........#..... ..
.$.................
#........# ...#.
#.s@.....#.....
##.##........#.######
###..#..#..#...#.##...#
....#...##.....#.#.....
.........###...........
...).......###.##.......
...........# #..#.......
..........# #....#....)
.........####.##..#...#


You could see a scorpion.

Vanquished Creatures
  3 adders (D:2)
  A worm (D:2)
  2 dart slugs (D:2)
  5 bats (D:1)
  An endoplasm (D:2)
  A giant cockroach (D:1)
  2 goblins
  2 hobgoblins
  A quokka (D:1)
  2 ball pythons (D:1)
  3 frilled lizards (D:1)
  2 kobolds (D:2)
  4 rats
29 creatures vanquished.

Notes
Turn   | Place    | Note
-------+----------+-------------------------------------------
     0 | D:1      | night the Demonspawn Hunter began the quest for the Orb.
     0 | D:1      | Reached XP level 1. HP: 16/16 MP: 1/1
   181 | D:1      | Gained mutation: You have a pair of small antennae on your
                  | head. [demonic ancestry]
   181 | D:1      | Reached XP level 2. HP: 22/22 MP: 2/2
   314 | D:1      | Found a faded altar of an unknown god.
   322 | D:1      | Prayed at the altar of an unknown god.
   322 | D:1      | Became a worshipper of Kikubaaqudgha
   322 | D:1      | Reached * piety under Kikubaaqudgha
   322 | D:1      | Received a gift from Kikubaaqudgha
   613 | D:1      | Reached skill level 4 in Bows
   860 | D:2      | Gained mutation: You have a pair of antennae on your head.
                  | [demonic ancestry]
   860 | D:2      | Reached XP level 3. HP: 28/28 MP: 3/3
  1196 | D:2      | Reached skill level 1 in Necromancy
  1225 | D:2      | Learned a level 1 spell: Pain
  1228 | D:2      | HP: 4/28 [poisoned by an adder]
  1494 | D:2      | Noticed a scorpion
  1502 | D:2      | HP: 4/28 [poisoned by a scorpion]
  1502 | D:2      | Slain by a scorpion

Illustrated notes

Levels and vault maps discovered:
D:1:      psy_arrival_statuary, layout_loops_ring,
          ebering_ecumenical_altar_hall, chequers_avenue
D:2:      layout_rooms

Skill      XL: |  1  2  3 |
---------------+----------+-----
Bows           | 4 |  4.4
Necromancy     | 1 |  1.3
Fighting       | |  2.7
Dodging        | |  1.8
Stealth        | |  0.9

Action                   || total
-------------------------++-------
Melee: Dagger            ||     7
 Fire: Shortbow          ||    81
 Cast: Pain              ||     2
Armor: Leather armour    ||    15
Dodge: Dodged            ||    29

Table legend: (Time is in decaauts)
 A = Elapsed time spent in this place.
 B = Non-inter-level travel time spent in this place.
 C = Inter-level travel time spent in this place.
 D = Time resting spent in this place.
 E = Time spent auto-exploring this place.
 F = Levels seen in this place.
 G = Mean time per level.
                   A        B        C        D        E       F      G
               +--------+--------+--------+--------+--------+-----+--------+
         Total |   1527 |   1475 |     52 |    245 |    989 |   2 |  763.5 |
       Dungeon |   1527 |   1475 |     52 |    245 |    989 |   2 |  763.5 |
               +--------+--------+--------+--------+--------+-----+--------+

Top non-repeatable levels by time:
     D:1: 788 daAuts
     D:2: 738 daAuts
